 Dungeon Crawl Stone Soup version 0.28-a0-1447-ga5a8893891 (webtiles) character file.

Game seed: 758506959767852366

59 shadowrider38 the Insei (level 4, -1/30 HPs)
             Began as an Octopode Transmuter on Jan 10, 2022.
             Slain by a steam dragon (8 damage)
             ... on level 3 of the Dungeon.
             The game lasted 00:03:53 (3197 turns).

shadowrider38 the Insei (Octopode Transmuter)       Turns: 3197, Time: 00:03:53

Health: -1/30      AC:  1    Str:  9    XL:     4   Next: 3%
Magic:  7/7        EV: 13    Int: 15    God:
Gold:   84         SH:  0    Dex: 14    Spells: 6/7 levels left

rFire   . . .      SeeInvis .     - Unarmed
rCold   . . .      Faith    .   (no shield)
rNeg    . . .      Spirit   .   (helmet restricted)
rPois   .          Reflect  .   (no amulet)
rElec   .          Harm     .   (no ring)
rCorr   .          Rampage  .   (no ring)
Will    .....                   (no ring)
Stlth   ++........              (no ring)
HPRegen 0.10/turn               (no ring)
MPRegen 0.10/turn               (no ring)
                                (no ring)
                                (no ring)

@: no status effects
A: almost no armour, amphibious, 8 rings, camouflage 1, gelatinous body 1,
(nimble swimmer 1), tentacles
a: no special abilities


You were on level 3 of the Dungeon.
You visited 1 branch of the dungeon, and saw 3 of its levels.

You collected 84 gold pieces.

Inventory:

Hand Weapons
 b - a +0 dagger of draining
Missiles
 f - 68 stones
Jewellery
 j - an amulet of magic regeneration
Wands
 i - a wand of acid (3)
Scrolls
 a - 2 scrolls of vulnerability {unknown}
 c - 4 scrolls of identify {unknown}
 d - a scroll of immolation {unknown}
 e - a scroll of blinking {unknown}
 g - a scroll of magic mapping {unknown}
 h - a scroll of teleportation {unknown}
 k - a scroll of enchant weapon {unknown}
Potions
 l - a potion of magic {unknown}


   Skills:
 + Level 2.7 Fighting
 - Level 2.0 Dodging
 - Level 4.0 Unarmed Combat
 - Level 2.0 Spellcasting
 - Level 2.0 Transmutations


You had 6 spell levels left.
You knew the following spells:

 Your Spells              Type           Power      Damage    Failure   Level
a - Beastly Appendage     Tmut           14%        N/A       10%         1

Your spell library contained the following spells:

 Spells                   Type           Power      Damage    Failure   Level
 Wereblood                Tmut           7%         N/A       14%         2
 Spider Form              Tmut/Pois      4%         N/A       41%         3
 Ice Form                 Ice/Tmut       4%         N/A       82%         4


Dungeon Overview and Level Annotations

Branches:
Dungeon (3/15)

Altars:

Shops:
D:3 (:


Innate Abilities, Weirdness & Mutations

You cannot wear most types of armour.
You are amphibious.
You can wear up to eight rings at the same time.
Your skin changes colour to match your surroundings (Stealth+).
Your rubbery body absorbs attacks. (AC +1, EV +1)
((You are camouflaged when in or above water. (Stealth+)))
You have tentacles for arms and can constrict up to eight enemies at once.


Message History

The steam dragon closely misses you. The steam dragon barely misses you.
You tentacle-slap the steam dragon but do no damage.
You tentacle-slap the steam dragon but do no damage.
Your tentacle spike misses the steam dragon.
The steam dragon bites you but does no damage.
The steam dragon claws you.
You barely miss the steam dragon.
Your tentacle spike misses the steam dragon.
You squeeze the steam dragon.
The steam dragon is lightly wounded.
The steam dragon bites you! The steam dragon misses you.
You tentacle-slap the steam dragon.
Your tentacle spike misses the steam dragon.
You squeeze the steam dragon!
The steam dragon is moderately wounded.
The steam dragon bites you! The steam dragon claws you.
You closely miss the steam dragon.
You pierce the steam dragon.
You squeeze the steam dragon.
The steam dragon is heavily wounded.
Your tentacle spike disappears.
The steam dragon misses you. The steam dragon claws you.
* * * LOW HITPOINT WARNING * * *
You tentacle-slap the steam dragon but do no damage.
The steam dragon is heavily wounded.
The steam dragon bites you but does no damage.
The steam dragon claws you but does no damage.
Aiming: Corrosive Bolt
Press: ? - help, Shift-Dir - straight line, f - steam dragon
Aim: a steam dragon (heavily wounded, 71% to hit)
The bolt of acid hits the steam dragon!
The acid corrodes the steam dragon!
The steam dragon is almost dead.
The steam dragon bites you.
* * * LOW HITPOINT WARNING * * *
The steam dragon misses you.
You tentacle-slap the steam dragon. Your squeeze misses the steam dragon.
The steam dragon is almost dead.
The steam dragon breathes steam at you. The ball of steam misses you.
Found a stone staircase leading down.
The steam dragon bites you!
You die...

.....#############......#......#.
..#..#8###8###8###......########.
..#..............#......# ..
..#..............#...†..##. ..
..#..............#.......... ..
..#..#8###8###8#.#...........
.....### ## ##.#.§.........
....## ######.D§.§§........ ....#
.......@§§§.§....... ....#
.$.................. ....#
................... ....#
######.#.......... #####
#.#.?#######+ ....# ...... <...#
$..#.... ....# ... .>... ....#


You could see a steam dragon (catching breath, corroded).

Vanquished Creatures
  2 adders
  A dart slug (D:2)
  5 bats
  5 endoplasms
  6 goblins
  5 hobgoblins
  2 jackals (D:2)
  5 ball pythons (D:1)
  A frilled lizard (D:2)
  A kobold (D:2)
  3 rats
36 creatures vanquished.

Vanquished Creatures (others)
  A plant (D:1)
1 creature vanquished.

Grand Total: 37 creatures vanquished

Notes
Turn   | Place    | Note
-------+----------+-------------------------------------------
     0 | D:1      | shadowrider38 the Octopode Transmuter began the quest for
                  | the Orb.
     0 | D:1      | Reached XP level 1. HP: 13/13 MP: 3/3
   107 | D:1      | Found a faded altar of an unknown god.
   505 | D:1      | Reached XP level 2. HP: 14/18 MP: 3/5
  1720 | D:2      | Reached XP level 3. HP: 22/24 MP: 4/6
  1751 | D:2      | Found the +8 orange crystal plate armour {Archmagi, Int+3
                  | Clar}
  3067 | D:3      | Found Qacvits's Weapon Shoppe.
  3078 | D:3      | Reached XP level 4. HP: 30/30 MP: 5/7
  3113 | D:3      | Reached skill level 4 in Unarmed Combat
  3176 | D:3      | Found Lonuesyf's Book Shop.
  3184 | D:3      | Noticed a steam dragon
  3197 | D:3      | Slain by a steam dragon

Illustrated notes

Levels and vault maps discovered:
D:1:      minmay_arrival_doors, layout_basic, dreamdust_ecumenical_altar_grove,
          serial_co_window_serial, co_window_paths_b, co_window_corner_a,
          co_window_paths_a, co_window_paths_b, co_window_paths_a,
          co_window_2corner, co_window_corner_ca, co_window_corner_ca,
          co_window_broadway_a, co_window_corner_cb, glass_columns_a,
          glass_columns_b, glass_columns_a
D:2:      layout_rooms, kennysheep_generic_room_11
D:3:      layout_basic, serial_shops, shop, shop,
          nicolae_shop_bloodbath_and_beyond, minivault_27,
          corexii_hall_statues_i

Skill      XL: |  1  2  3  4 |
---------------+-------------+-----
Fighting       | 2 |  2.7
Unarmed Combat | 4 |  4.0
Dodging        | |  2.0
Spellcasting   | |  2.0
Transmutations | |  2.0

Action                   |  1- 3 |  4- 6 || total
-------------------------+-------+-------++-------
Melee: Unarmed           |    80 |    13 ||    93
       Constrict         |    23 |     2 ||    25
       Kick              |    17 |     1 ||    18
       Tentacles         |    14 |     6 ||    20
       Punch             |     4 |       ||     4
 Cast: Beastly Appendage |    21 |     1 ||    22
Evoke: Wand              |       |     1 ||     1
 Stab: Sleeping          |     5 |     1 ||     6
Armor: Skin              |    10 |     3 ||    13
Dodge: Dodged            |    51 |     9 ||    60

Table legend: (Time is in decaauts)
 A = Elapsed time spent in this place.
 B = Non-inter-level travel time spent in this place.
 C = Inter-level travel time spent in this place.
 D = Time resting spent in this place.
 E = Time spent auto-exploring this place.
 F = Levels seen in this place.
 G = Mean time per level.
                   A        B        C        D        E       F      G
               +--------+--------+--------+--------+--------+-----+--------+
         Total |   3190 |   3070 |    120 |   1003 |   1740 |   3 | 1063.3 |
       Dungeon |   3190 |   3070 |    120 |   1003 |   1740 |   3 | 1063.3 |
               +--------+--------+--------+--------+--------+-----+--------+

Top non-repeatable levels by time:
     D:2: 1500 daAuts
     D:1: 1443 daAuts
     D:3: 247 daAuts
